 Dungeon Crawl Stone Soup version 0.26.0-10-g1f06aea511 (webtiles) character file.

Game seed: 8177965381841071010

3 MajorAdolf the Covered (level 1, 0/18 HPs)
             Began as a Naga Wanderer on Jan 16, 2021.
             Slain by a hobgoblin (1 damage)
             ... on level 2 of the Dungeon.
             The game lasted 00:00:19 (223 turns).

MajorAdolf the Covered (Naga Wanderer)               Turns: 223, Time: 00:00:20

Health: 0/18       AC:  1    Str: 15    XL:     1   Next: 50%
Magic:  1/1        EV:  9    Int: 11    God:
Gold:   21         SH:  0    Dex: 10    Spells: 0/0 levels left

rFire    . . .     SeeInvis +   a - +2 shortbow
rCold    . . .     Faith    .   (shield currently unavailable)
rNeg     . . .     Spirit   .   e - +0 robe
rPois    +         Reflect  .   (no helmet)
rElec    .         Harm     .   (no cloak)
rCorr    .         Rampage  .   (no gloves)
Will     .....                  (no barding)
Stlth    +.........             (no amulet)
HPRegen  0.06/turn              (no ring)
MPRegen  0.07/turn              (no ring)

@: short of breath, very slow
A: large, see invisible, deformed body, poison resistance, slowness 2, spit
poison 1, AC +0
a: Spit Poison


You were on level 2 of the Dungeon.
You visited 1 branch of the dungeon, and saw 2 of its levels.

You collected 21 gold pieces.

Inventory:

Hand Weapons
 a - a +2 shortbow (weapon)
 c - a +0 mace
Missiles
 b - 17 arrows (quivered ammo)
Armour
 e - a +0 robe (worn)
Scrolls
 g - a scroll of identify {unknown}
Potions
 d - a potion of curing
 f - a potion of degeneration {unknown}


   Skills:
 + Level 1.5 Fighting
 - Level 1.0 Axes
 - Level 1.7 Bows
 - Level 1.7 Throwing
 - Level 3.2 Armour


You couldn't memorise any spells.
You didn't know any spells.
Your spell library was empty.

Dungeon Overview and Level Annotations

Branches:
Dungeon (1/15)

Altars:
Kikubaaqudgha


Innate Abilities, Weirdness & Mutations

You cannot wear boots.
Your serpentine skin is tough. (AC +0)
You have supernaturally acute eyesight. (SInv)
Armour fits poorly on your strangely shaped body.
Your system is resistant to poisons. (rPois)
You cover ground very slowly.
You can spit poison.


Message History

The arrow completely misses the withered plant.
The withered plant crumbles away.
The hobgoblin hits you.
You shoot an arrow. The arrow hits the hobgoblin.
The hobgoblin is lightly wounded.
The hobgoblin hits you. x3
You are too injured to fight recklessly!
You are too injured to fight recklessly!
You are too injured to fight recklessly!
Unknown command.
The hobgoblin hits you.
* * * LOW HITPOINT WARNING * * *
The hobgoblin hits you.
* * * LOW HITPOINT WARNING * * *
Press: ? - help, Shift-Dir - straight line, f/p - hobgoblin
Aim: a hobgoblin (lightly wounded)
The splash of poison hits the hobgoblin.
The hobgoblin is poisoned.
The hobgoblin is moderately wounded.
The hobgoblin barely misses you. The hobgoblin hits you.
You die...

#########..#
....#.......#P.#
...P##.._..##..##
....(...........#
#............#.#
#....P###.P.##.#
#....P#..PP#..#
#..[(g.....#.##
#....g@....#.#
#####P..##.#.#
######.#.# #.#.#
#.#.# #.#.# #.#.#
#.#.# #.#.#


You could see 2 hobgoblins.

Vanquished Creatures
  A bat (D:1)
  A quokka (D:2)
  A kobold (D:1)
3 creatures vanquished.

Vanquished Creatures (others)
  A plant (D:2)
  A withered plant (D:2)
2 creatures vanquished.

Grand Total: 5 creatures vanquished

Notes
Turn   | Place    | Note
-------+----------+-------------------------------------------
     0 | D:1      | MajorAdolf the Naga Wanderer began the quest for the Orb.
     0 | D:1      | MajorAdolf set off with the following items: a +2 shortbow,
                  | 22 arrows, a +0 mace, a potion of curing, a +0 robe
     0 | D:1      | Reached XP level 1. HP: 18/18 MP: 1/1
   137 | D:1      | You fall into a shaft and drop 1 floor!
   149 | D:2      | Found an ancient bone altar of Kikubaaqudgha.
   223 | D:2      | Slain by a hobgoblin

Illustrated notes

Levels and vault maps discovered:
D:1:      beargit_arrival_greenhouse, layout_loops_cross
D:2:      layout_basic, kiku_gazebo_garden_becter, serial_forest,
          infiniplex_forest_lined_room_2, infiniplex_forest_zigzag_2,
          infiniplex_forest_lined_ring, infiniplex_forest_zigzag_1,
          infiniplex_forest_clump_small, nemelex_diamond_rough_becter,
          uniq_sigmund

Action                   || total
-------------------------++-------
 Fire: Shortbow          ||    15
 Abil: Spit Poison       ||     1
Armor: Robe              ||     4
Dodge: Dodged            ||     7
